 Dungeon Sprint DCSS version 0.22-a0-393-g7f50228948 (webtiles) character file.

8982 Laan the Devastator (level 11, -17/54 HPs)
             Began as a Gargoyle Fire Elementalist on May 3, 2018.
             Was the Champion of Vehumet.
             Demolished by an earth elemental (25 damage)
             ... summoned by a deep elf mage
             ... in the Dungeon (Sprint V: "Ziggurat Sprint").
             The game lasted 00:10:28 (1073 turns).

Laan the Devastator (Gargoyle Fire Elementalist)    Turns: 1073, Time: 00:10:29

Health: -17/54     AC: 16    Str: 11    XL:     11   Next: 39%
Magic:  22/43      EV: 10    Int: 32    God:    Vehumet [******]
Gold:   0          SH:  7    Dex: 10    Spells: 26/43 levels left

rFire    . . .     SeeInvis .   F - staff of power
rCold    . . .     Gourm    .   k - +3 buckler
rNeg     + + .     Faith    .   L - +3 ring mail {MR+}
rPois    ∞         Spirit   .   (no helmet)
rElec    +         Reflect  .   (no cloak)
rCorr    .         Harm     .   (no gloves)
MR       +....     NoTele   +   (no boots)
Stlth    ..........             (no amulet)
HPRegen  0.18/turn              H - +6 ring of intelligence
MPRegen  0.28/turn              b - ring of the Exiled Stars {rN+ Int+6 Stlth-}

@: no status effects
A: blurry vision 1, low mp 1, negative energy resistance 1, electricity
resistance, unbreathing, petrification resistance, rot immunity, subdued magic
1, AC +8
a: Renounce Religion


You were in the Dungeon.
You worshipped Vehumet.
Vehumet was exalted by your worship.
You were not hungry.

You visited 1 branch

Inventory:

Hand Weapons
 n - a +5 demon trident
Armour
 j - +5 gold dragon scales
 k - a +3 buckler (worn)
 l - a +3 large shield
 m - a +3 shield
 L - a +3 ring mail of magic resistance (worn)
Magical Staves
 D - an uncursed staff of energy
 F - an uncursed staff of power (weapon)
Jewellery
 b - the ring of the Exiled Stars (right hand) {rN+ Int+6 Stlth-}
   (You took it off an orc priest in the Dungeon)

   [ring of loudness]

   It affects your intelligence (+6).
   It protects you from negative energy.
   It makes you less stealthy.
 x - an uncursed ring of protection from magic
 G - an uncursed ring of wizardry
 H - a +6 ring of intelligence (left hand)
 I - the ring of Robustness {AC+8}
   (You found it in the Dungeon)

   [ring of protection]

   It affects your AC (+8).
 N - an uncursed ring of protection from magic
Wands
 y - a wand of disintegration (7)
 B - a wand of iceblast (6)
 C - a wand of acid (7)
Scrolls
 a - 4 scrolls of enchant weapon
 i - 4 scrolls of blinking
 o - 4 scrolls of amnesia
 p - 7 scrolls of fog
 q - a scroll of holy word
 r - 5 scrolls of identify
 s - 5 scrolls of remove curse
 t - 2 scrolls of fear
Potions
 d - 10 potions of curing
 e - 9 potions of heal wounds
 f - 6 potions of haste
 g - 7 potions of magic
 h - 2 potions of berserk rage
 u - 2 potions of brilliance
 v - 2 potions of invisibility
 w - 4 potions of resistance
 z - 6 potions of agility
 A - 5 potions of might
Miscellaneous
 E - a crystal ball of energy
Comestibles
 c - 6 rations
 M - 20 chunks of flesh


   Skills:
 - Level 1.5 Dodging
 - Level 2.1 Stealth
 - Level 4.4 Shields
 * Level 16.9 Spellcasting
 + Level 17.7 Conjurations
 - Level 9.2 Fire Magic


You had 26 spell levels left.
You knew the following spells:

 Your Spells              Type           Power        Failure   Level  Hunger
a - Flame Tongue          Conj/Fire      #####        0%          1    None
b - Fireball              Conj/Fire      ######....   1%          5    None
c - Orb of Destruction    Conj           #######...   1%          7    ####...
d - Sticky Flame          Conj/Fire      ######..     1%          4    None


Dungeon Overview and Level Annotations

Branches:
Dungeon (1/1)

Altars:
Ashenzari
Cheibriados
Dithmenos
Elyvilon
Fedhas
Gozag
Hepliaklqana
Kikubaaqudgha
Makhleb
Nemelex Xobeh
Okawaru
Qazlal
Ru
Sif Muna
Trog
Uskayaw
Vehumet
Wu Jian
Xom
Yredelemnul
Zin
The Shining One
Beogh
Jiyva
Lugonu


Innate Abilities, Weirdness & Mutations

You are resistant to torment.
Your stone body is resilient. (AC +8)
You are immune to poison.
You resist negative energy. (rN+)
You are resistant to electric shocks. (rElec)
You can survive without breathing.
You are immune to petrification.
You are immune to rotting.
Scrolls take you a little longer to read.
Your magical capacity is low. (-10% MP)
Your spells are a little easier to cast, but a little less powerful.


Message History

The deep elf mage gestures wildly while chanting.
Casting: Fireball (safe; 1% risk of failure)
Confirm with . or Enter, or press ? or * to list all spells.
Aiming: Fireball (safe; 1% risk of failure)
Press: ? - help, Shift-Dir - straight line, f - trident of freezing, p - orc sorcerer
Aim: a trident of freezing (almost destroyed)
The fireball explodes!
The fireball engulfs the trident of freezing.
The trident of freezing resists.
The trident of freezing falls from the air.
Vehumet accepts your kill.
The fireball engulfs the orc sorcerer.
You kill the orc sorcerer!
Vehumet accepts your kill.
You feel your power returning.
The chaos spawn degenerates into a cloud of primal chaos!
The orange demon disappears in a puff of smoke!
The fireball engulfs the earth elemental.
The earth elemental completely resists.
The earth elemental hits you!!
You die...

▓..)===)..▓
▓...})))..▓
▓.E.......▓
▓...e)....▓
▓....§§...▓
▓...))....▓
▓.▓§.)E.▓.▓
▓....@....▓
▓▓▓▓▓▓▓▓▓▓▓


You could see 2 earth elementals and a deep elf mage.

Vanquished Creatures
  A deep elf elementalist (D)
  A dancing weapon (D)
  2 deep elf knights (D)
  A deep elf archer (D)
  2 deep elf magi (D)
  An orc sorcerer (D)
  2 shining eyes (D)
  A spiny frog (D)
  A hornet (D)
  A hippogriff (D)
  3 spriggans (D)
  2 yaks (D)
  A basilisk (D)
  A porcupine (D)
  2 orc warriors (D)
  2 phantoms (D)
  3 black bears (D)
  3 necrophages (D)
  4 wolves (D)
  A crocodile (D)
  3 orc priests (D)
  4 orc wizards (D)
  6 jellies (D)
  An iguana (D)
  A river rat (D)
  2 oozes (D)
  2 orcs (D)
54 creatures vanquished.

Vanquished Creatures (others)
  3 azure jellies (D)
  A death ooze (D)
  Grum (D)
  Menkaure (D)
  Purgy (D)
  Dowan (D)
  Jessica (D)
9 creatures vanquished.

Grand Total: 63 creatures vanquished

Notes
Turn   | Place    | Note
-------+----------+-------------------------------------------
     0 | D        | Found the +6 Majin-Bo {vamp, Archmagi MP+6 Int+6}
     0 | D        | Found the +7 great mace "Firestarter" {inner flame, rF++}
     0 | D        | Laan the Gargoyle Fire Elementalist began the quest for the Orb.
     0 | D        | Reached XP level 1. HP: 10/10 MP: 3/3
     3 | D        | Found a blossoming altar of Fedhas.
     5 | D        | Found a viscous altar of Jiyva.
     5 | D        | Found a hazy altar of Hepliaklqana.
     5 | D        | Found a transporter.
     5 | D        | Found an opulent altar of Gozag.
     5 | D        | Found an ancient bone altar of Kikubaaqudgha.
     5 | D        | Found a corrupted altar of Lugonu.
    10 | D        | Found a burning altar of Makhleb.
    11 | D        | Found a stormy altar of Qazlal.
    11 | D        | Found a sacrificial altar of Ru.
    11 | D        | Found an iron altar of Okawaru.
    11 | D        | Found a deep blue altar of Sif Muna.
    11 | D        | Found a sparkling altar of Nemelex Xobeh.
    11 | D        | Found a bloodstained altar of Trog.
    35 | D        | Found the +6 shillelagh "Devastator" {shatter}
    35 | D        | Found the +11 plutonium sword {*Contam Stlth-}
    35 | D        | Found the +8 lance "Wyrmbane" {slay drac, rPois rF+ rC+ AC+3}
    35 | D        | Found the +9 sword of Zonguldrok {reap}
    35 | D        | Found the cursed +13 scythe of Curses {drain, *Curse}
    35 | D        | Found the +0 sword of Power
    35 | D        | Found the +6 mace of Variability {chaos}
    35 | D        | Found the +7 Singing Sword
    35 | D        | Found the +7 longbow "Piercer" {penet, EV-2}
    36 | D        | Found the +9 heavy crossbow "Sniper" {velocity, Acc+∞ SInv}
    36 | D        | Found the +10 dark maul {crush}
    36 | D        | Found the +15 Maxwell's patent armour {-Cast -Tele rElec MR+ rCorr}
    36 | D        | Found the +18 shield of the Gong {rElec rN+ MR+ EV-5}
    36 | D        | Found the cursed +14 obsidian axe {chop, +Fly SInv *Curse}
    67 | D        | Became a worshipper of Vehumet
    70 | D        | Killed Grum
    73 | D        | Reached skill level 5 in Conjurations
    73 | D        | Reached XP level 2. HP: 15/15 MP: 3/6
   111 | D        | Entered arena 2.
   111 | D        | Noticed a phantom
   111 | D        | Noticed a necrophage
   111 | D        | Found a transporter.
   114 | D        | Killed a necrophage
   114 | D        | Reached skill level 7 in Conjurations
   114 | D        | Reached skill level 5 in Fire Magic
   114 | D        | Reached XP level 3. HP: 19/19 MP: 7/9
   114 | D        | Reached XP level 4. HP: 24/24 MP: 7/10
   141 | D        | Killed a phantom
   141 | D        | Reached skill level 5 in Spellcasting
   141 | D        | Reached skill level 9 in Conjurations
   141 | D        | Reached XP level 5. HP: 25/28 MP: 11/13
   173 | D        | Entered arena 3.
   173 | D        | Noticed a phantom
   173 | D        | Noticed a necrophage
   173 | D        | Noticed a necrophage
   173 | D        | Found a transporter.
   181 | D        | Killed a necrophage
   181 | D        | Reached * piety under Vehumet
   181 | D        | Offered knowledge of Freeze by Vehumet.
   181 | D        | Reached skill level 10 in Conjurations
   181 | D        | Reached XP level 6. HP: 25/32 MP: 15/15
   191 | D        | Killed a phantom
   194 | D        | Killed a necrophage
   194 | D        | Reached skill level 11 in Conjurations
   194 | D        | Reached XP level 7. HP: 26/36 MP: 15/17
   199 | D        | Got Tacust's Reference Book on Flamy Confrontation
   221 | D        | Killed Jessica
   268 | D        | Killed Menkaure
   278 | D        | Entered arena 4.
   278 | D        | Noticed a yak
   278 | D        | Found a transporter.
   285 | D        | Killed a yak
   285 | D        | Reached ** piety under Vehumet
   294 | D        | Reached skill level 12 in Conjurations
   415 | D        | Entered arena 5.
   415 | D        | Found a transporter.
   416 | D        | Offered knowledge of Shock by Vehumet.
   416 | D        | Reached *** piety under Vehumet
   420 | D        | Reached XP level 8. HP: 41/41 MP: 20/20
   431 | D        | Killed a death ooze
   439 | D        | Killed Dowan
   587 | D        | Learned a level 5 spell: Fireball
   630 | D        | Entered arena 6.
   630 | D        | Found a transporter.
   631 | D        | Offered knowledge of Searing Ray by Vehumet.
   632 | D        | Reached **** piety under Vehumet
   632 | D        | Reached skill level 13 in Conjurations
   632 | D        | Reached skill level 1 in Shields
   655 | D        | Got the ring "Tibleta" {*Drain AC+3 Dex+4 SInv}
   687 | D        | Entered arena 7.
   687 | D        | Noticed a shining eye
   687 | D        | Noticed a shining eye
   688 | D        | Reached ***** piety under Vehumet
   690 | D        | Gained mutation: Scrolls take you a little longer to read. [a shining eye]
   692 | D        | Found a transporter.
   694 | D        | Killed a shining eye
   696 | D        | Gained mutation: Your spells are a little easier to cast, but a little less powerful. [a shining eye]
   697 | D        | Gained mutation: Your magical capacity is low. (-10% MP) [a shining eye]
   699 | D        | Killed a shining eye
   699 | D        | Reached skill level 10 in Spellcasting
   699 | D        | Reached skill level 14 in Conjurations
   699 | D        | Reached XP level 9. HP: 45/45 MP: 14/21
   706 | D        | Got Sif Muna's Compendium of Icy Ignition
   728 | D        | Killed Purgy
   750 | D        | Learned a level 7 spell: Orb of Destruction
   750 | D        | Entered arena 8.
   753 | D        | Found a transporter.
   760 | D        | Got the ring of the Exiled Stars {rN+ Int+6 Stlth-}
   840 | D        | Entered arena 9.
   840 | D        | Noticed a spiny frog
   841 | D        | Offered knowledge of Stone Arrow by Vehumet.
   842 | D        | Reached ****** piety under Vehumet
   844 | D        | Killed a spiny frog
   844 | D        | Reached skill level 15 in Conjurations
   849 | D        | Found a transporter.
   959 | D        | Learned a level 4 spell: Sticky Flame
   984 | D        | Killed an azure jelly
  1018 | D        | Killed an azure jelly
  1021 | D        | Entered arena 10.
  1021 | D        | Noticed a spriggan rider
  1022 | D        | Found the ring of Robustness {AC+8}
  1025 | D        | Reached XP level 10. HP: 48/50 MP: 24/24
  1027 | D        | Killed a spriggan rider
  1027 | D        | Reached skill level 16 in Conjurations
  1028 | D        | Found a transporter.
  1052 | D        | Killed an azure jelly
  1064 | D        | Entered arena 11.
  1064 | D        | Noticed an orc sorcerer
  1064 | D        | Noticed a deep elf mage
  1064 | D        | Noticed a deep elf knight
  1064 | D        | Noticed a deep elf mage
  1064 | D        | Noticed a deep elf archer
  1064 | D        | Noticed a deep elf elementalist
  1064 | D        | Noticed a trident of freezing
  1064 | D        | Noticed a deep elf knight
  1064 | D        | Noticed a deep elf mage
  1067 | D        | Killed a deep elf elementalist
  1067 | D        | Offered knowledge of Static Discharge by Vehumet.
  1067 | D        | Reached skill level 15 in Spellcasting
  1068 | D        | Noticed an orange demon
  1068 | D        | Killed a deep elf knight
  1069 | D        | Killed a deep elf knight
  1069 | D        | Reached XP level 11. HP: 40/54 MP: 27/27
  1070 | D        | Killed a deep elf mage
  1070 | D        | Reached skill level 17 in Conjurations
  1071 | D        | Killed a deep elf mage
  1072 | D        | Killed a deep elf archer
  1073 | D        | Killed a trident of freezing
  1073 | D        | Killed an orc sorcerer
  1073 | D        | Demolished by an earth elemental

Vault maps used:
D:        sprint_v

Skill      XL: |  1  2  3  4  5  6  7  8  9 10 11 |
---------------+----------------------------------+-----
Spellcasting   | 3 4 5 6 7 8 10 13 15 16 | 16.9
Conjurations   | 5 7 9 10 11 12 14 15 16 17 | 17.7
Fire Magic     | 4 5 6 7 8 9 |  9.2
Shields        | 4 |  4.4
Dodging        | |  1.5
Stealth        | |  2.1

Action                   |  1- 3 |  4- 6 |  7- 9 | 10-12 || total
-------------------------+-------+-------+-------+-------++-------
Melee: Demon trident     |     3 |    44 |    47 |       ||    94
 Cast: Fireball          |       |       |    14 |    12 ||    26
       Flame Tongue      |       |       |     7 |       ||     7
       Sticky Flame      |       |       |     2 |       ||     2
Evoke: Wand              |       |       |     1 |       ||     1
  Use: Potion            |     1 |       |     2 |       ||     3
  Eat: Ration            |       |       |     1 |       ||     1
Armor: Crystal plate arm |     1 |    36 |    47 |       ||    84
       Robe              |       |       |     7 |       ||     7
       Ring mail         |       |       |     2 |     4 ||     6
Dodge: Dodged            |       |     1 |     8 |     1 ||    10
Block: Large shield      |     3 |    33 |    54 |       ||    90
       Buckler           |       |       |     6 |     1 ||     7

Table legend:
 A = Spawn XP
 B = Non-spawn XP
 C = Spawn XP percentage of total XP
 D = Spawn monster count
 E = Non-spawn monster count
 F = Spawn count percentage of total count
 G = Total turns spent on level
                    A         B        C        D         E        F      G
               +---------+---------+-------+---------+---------+-------+---------
         Total |       0 |   12822 |   0.0 |       0 |      54 |   0.0 |  1073
               +---------+---------+-------+---------+---------+-------+---------
             D |       0 |   12822 |   0.0 |       0 |      54 |   0.0 |  1073
               +---------+---------+-------+---------+---------+-------+---------
